[ PARTIDA AOE2 · #513648077 ]
UnrankedCeltas vs Wu
Equipo del jugador · DERR
Equipo rival · VICT
[ ANÁLISIS DE REPETICIÓN · EXTRAÍDO DE LA PARTIDA GRABADA ]
Feudal
12:29
Castillos
—
Imperial
—
| APM promedio | 52.7 |
| APM pico | 87 |
| eAPM promedio | 27.5 |
| Aldeanos / militares | 59 / 49 |
Foco
⚔️ 41.6% · 🌾 58.4%
Militia ×34 · Skirmisher ×10 · Archer ×5
Feudal
11:23
Castillos
27:54
Imperial
—
| APM promedio | 53.9 |
| APM pico | 102 |
| eAPM promedio | 19.9 |
| Aldeanos / militares | 67 / 56 |
Foco
⚔️ 26.8% · 🌾 73.2%
Archer ×27 · Militia ×26 · Battering Ram ×3
Mapa de la partida
Recursos iniciales + cada clic de construcción. Líneas = muros · curvas = relieve. ◆ oro · ⬟ piedra · ● bayas · ✦ reliquia · ◌ hueco del cierre
Tu base· Abierta — flanco sin cerrar
Base de Tobi· Abierta — hueco de 4t
Terreno inicial suavizado · ◌ = hueco del cierre detectado · pasá el cursor para detalles
Inputs por minuto
— avlid - - Tobi
Build order — avlid
Primeras 150 de 224 acciones detectadas
| 0:00 | queue | Villager (Male) |
| 0:01 | queue | Villager (Male) |
| 0:02 | Construir | House |
| 0:02 | Construir | House |
| 0:09 | queue | Villager (Male) |
| 0:09 | queue | Villager (Male) |
| 1:28 | queue | Villager (Male) |
| 1:59 | queue | Villager (Male) |
| 2:23 | queue | Villager (Male) |
| 2:44 | Construir | House |
| 2:47 | queue | Villager (Male) |
| 3:09 | queue | Villager (Male) |
| 3:31 | Construir | Palisade Wall |
| 3:41 | queue | Villager (Male) |
| 3:43 | Construir | Barracks |
| 3:46 | Construir | Palisade Wall |
| 4:00 | Construir | Palisade Wall |
| 4:01 | Construir | Palisade Wall |
| 4:06 | queue | Villager (Male) |
| 4:21 | queue | Villager (Male) |
| 4:54 | queue | Militia |
| 5:00 | queue | Villager (Male) |
| 5:08 | queue | Militia |
| 5:18 | queue | Militia |
| 5:20 | queue | Villager (Male) |
| 5:38 | queue | Villager (Male) |
| 5:48 | Construir | House |
| 6:15 | Construir | Palisade Wall |
| 6:20 | queue | Villager (Male) |
| 6:24 | queue | Militia |
| 6:24 | queue | Militia |
| 6:24 | queue | Militia |
| 6:29 | Construir | Palisade Wall |
| 6:46 | queue | Villager (Male) |
| 6:51 | Construir | House |
| 7:02 | queue | Villager (Male) |
| 7:23 | Construir | Palisade Wall |
| 7:23 | Construir | Palisade Wall |
| 7:42 | queue | Villager (Male) |
| 7:42 | queue | Villager (Male) |
| 8:11 | Construir | House |
| 8:38 | Construir | Palisade Wall |
| 8:40 | Construir | Palisade Wall |
| 8:49 | Construir | Palisade Wall |
| 9:15 | Investigar | Loom |
| 9:26 | Construir | Lumber Camp |
| 10:07 | Construir | Mill |
| 10:19 | Investigar | Feudal Age |
| 10:19 | Investigar | Feudal Age |
| 10:26 | Construir | House |
| 11:18 | queue | Militia |
| 11:24 | Construir | House |
| 11:37 | Construir | Mining Camp |
| 11:52 | queue | Militia |
| 11:58 | Construir | House |
| 12:03 | Construir | Farm |
| 12:05 | Construir | Farm |
| 12:07 | Construir | Farm |
| 12:11 | queue | Militia |
| 12:29 | Edad | Edad Feudal |
| 12:32 | Investigar | Man-at-Arms (upgrade) |
| 12:39 | Construir | Farm |
| 12:40 | Construir | Farm |
| 12:48 | queue | Villager (Male) |
| 12:51 | Construir | House |
| 12:52 | Construir | Palisade Wall |
| 12:54 | Construir | Palisade Wall |
| 12:55 | Construir | Palisade Wall |
| 12:58 | Construir | Palisade Wall |
| 12:58 | Construir | Palisade Wall |
| 13:15 | queue | Villager (Male) |
| 13:32 | queue | Villager (Male) |
| 13:42 | queue | Militia |
| 13:47 | Construir | Farm |
| 13:47 | Construir | Farm |
| 13:47 | Construir | Farm |
| 13:56 | Construir | Farm |
| 13:56 | Construir | Farm |
| 13:57 | Construir | Farm |
| 13:57 | Construir | Farm |
| 14:00 | queue | Militia |
| 14:00 | queue | Militia |
| 14:32 | queue | Villager (Male) |
| 14:38 | Construir | Farm |
| 14:38 | Construir | Farm |
| 14:38 | Construir | Farm |
| 14:44 | queue | Militia |
| 14:55 | queue | Villager (Male) |
| 15:14 | queue | Militia |
| 15:14 | queue | Militia |
| 15:27 | queue | Villager (Male) |
| 15:29 | Construir | Farm |
| 15:38 | queue | Militia |
| 15:50 | queue | Villager (Male) |
| 15:59 | queue | Militia |
| 16:24 | queue | Villager (Male) |
| 16:36 | queue | Villager (Male) |
| 16:47 | queue | Militia |
| 16:47 | queue | Militia |
| 16:55 | Construir | Lumber Camp |
| 17:12 | queue | Militia |
| 17:21 | queue | Villager (Male) |
| 17:29 | queue | Militia |
| 17:32 | Investigar | Arson |
| 17:33 | Investigar | Arson |
| 17:54 | queue | Militia |
| 17:59 | queue | Villager (Male) |
| 18:09 | queue | Militia |
| 18:14 | Construir | Blacksmith |
| 18:20 | Investigar | Double-Bit Axe |
| 18:23 | queue | Villager (Male) |
| 18:49 | queue | Villager (Male) |
| 18:54 | Investigar | Scale Mail Armor |
| 18:54 | Investigar | Scale Mail Armor |
| 19:04 | Construir | House |
| 19:05 | Construir | House |
| 19:15 | queue | Militia |
| 19:16 | queue | Militia |
| 19:33 | queue | Villager (Male) |
| 19:37 | Construir | House |
| 19:39 | Construir | House |
| 19:48 | queue | Villager (Male) |
| 20:00 | Construir | Market |
| 20:10 | queue | Militia |
| 20:21 | Construir | Watch Tower |
| 20:24 | queue | Villager (Male) |
| 20:35 | Construir | Barracks |
| 20:40 | Construir | House |
| 20:41 | Construir | House |
| 20:42 | Construir | House |
| 20:43 | queue | Villager (Male) |
| 20:43 | queue | Villager (Male) |
| 20:55 | Construir | House |
| 20:57 | Construir | House |
| 21:08 | Construir | Farm |
| 21:08 | Construir | Farm |
| 21:08 | Construir | Farm |
| 21:10 | Investigar | Horse Collar |
| 21:18 | queue | Villager (Male) |
| 21:18 | queue | Villager (Male) |
| 21:21 | queue | Militia |
| 21:22 | queue | Militia |
| 21:32 | Construir | House |
| 21:35 | Construir | House |
| 21:37 | queue | Militia |
| 21:38 | Construir | Farm |
| 21:38 | Construir | Farm |
| 21:40 | Construir | Farm |
| 21:41 | Construir | Farm |
| 21:44 | queue | Villager (Male) |
Build order — Tobi
Primeras 150 de 201 acciones detectadas
| 0:01 | queue | Villager (Male) |
| 0:01 | queue | Villager (Male) |
| 0:02 | Construir | House |
| 0:03 | Construir | House |
| 0:21 | queue | Villager (Male) |
| 0:22 | queue | Villager (Male) |
| 0:22 | queue | Villager (Male) |
| 1:24 | queue | Villager (Male) |
| 1:24 | queue | Villager (Male) |
| 1:48 | Construir | Lumber Camp |
| 1:49 | queue | Villager (Male) |
| 1:49 | queue | Villager (Male) |
| 2:22 | queue | Villager (Male) |
| 2:22 | queue | Villager (Male) |
| 2:22 | queue | Villager (Male) |
| 2:47 | queue | Villager (Male) |
| 2:47 | queue | Villager (Male) |
| 3:05 | queue | Villager (Male) |
| 3:05 | queue | Villager (Male) |
| 3:25 | queue | Villager (Male) |
| 3:59 | Construir | House |
| 4:01 | Construir | House |
| 4:07 | queue | Villager (Male) |
| 4:18 | Construir | Mill |
| 4:34 | queue | Villager (Male) |
| 4:53 | queue | Villager (Male) |
| 5:10 | queue | Villager (Male) |
| 5:51 | queue | Villager (Male) |
| 6:03 | Investigar | Loom |
| 6:16 | queue | Villager (Male) |
| 6:26 | queue | Villager (Male) |
| 6:52 | Construir | Barracks |
| 7:24 | queue | Villager (Male) |
| 7:27 | Construir | Palisade Wall |
| 7:28 | Construir | Palisade Wall |
| 7:30 | Construir | House |
| 7:39 | queue | Villager (Male) |
| 7:55 | queue | Villager (Male) |
| 8:07 | Construir | Mining Camp |
| 8:08 | queue | Villager (Male) |
| 8:12 | Construir | House |
| 8:15 | Construir | Palisade Wall |
| 9:13 | Investigar | Feudal Age |
| 9:44 | queue | Militia |
| 9:44 | queue | Militia |
| 9:54 | queue | Militia |
| 10:07 | Construir | House |
| 10:18 | queue | Militia |
| 10:24 | Construir | House |
| 10:34 | queue | Villager (Male) |
| 11:00 | Construir | House |
| 11:22 | queue | Villager (Male) |
| 11:23 | Edad | Edad Feudal |
| 11:28 | queue | Militia |
| 11:29 | Investigar | Man-at-Arms (upgrade) |
| 11:42 | queue | Villager (Male) |
| 12:01 | queue | Villager (Male) |
| 12:05 | queue | Villager (Male) |
| 12:34 | queue | Villager (Male) |
| 12:41 | queue | Militia |
| 12:44 | Construir | Archery Range |
| 12:48 | queue | Militia |
| 13:07 | Construir | Farm |
| 13:07 | Construir | Farm |
| 13:07 | Construir | Farm |
| 13:08 | queue | Villager (Male) |
| 13:17 | Construir | House |
| 13:38 | Construir | Farm |
| 13:39 | queue | Villager (Male) |
| 13:46 | queue | Militia |
| 14:05 | queue | Villager (Male) |
| 14:07 | queue | Archer |
| 14:21 | queue | Villager (Male) |
| 14:26 | queue | Archer |
| 14:28 | queue | Villager (Male) |
| 14:30 | Construir | Farm |
| 14:33 | Construir | House |
| 14:53 | Construir | Farm |
| 15:05 | queue | Archer |
| 15:09 | Construir | Farm |
| 15:09 | Construir | Farm |
| 15:34 | queue | Archer |
| 15:45 | Construir | Blacksmith |
| 15:48 | queue | Villager (Male) |
| 16:22 | Investigar | Scale Mail Armor |
| 16:24 | queue | Archer |
| 16:26 | queue | Militia |
| 16:33 | Construir | Lumber Camp |
| 16:38 | Construir | Lumber Camp |
| 16:47 | Construir | House |
| 16:49 | Investigar | Fletching |
| 16:55 | queue | Villager (Male) |
| 17:00 | Construir | Farm |
| 17:00 | Construir | Farm |
| 17:00 | Construir | Farm |
| 17:00 | Construir | Farm |
| 17:09 | queue | Villager (Male) |
| 17:10 | queue | Archer |
| 17:27 | queue | Archer |
| 18:02 | queue | Archer |
| 18:03 | queue | Militia |
| 18:04 | queue | Villager (Male) |
| 18:15 | Construir | Mining Camp |
| 18:20 | queue | Militia |
| 18:29 | queue | Militia |
| 18:31 | queue | Villager (Male) |
| 18:33 | Construir | House |
| 18:50 | queue | Archer |
| 19:02 | queue | Villager (Male) |
| 19:10 | queue | Villager (Male) |
| 19:11 | queue | Archer |
| 19:11 | queue | Archer |
| 19:13 | Construir | Archery Range |
| 19:37 | queue | Villager (Male) |
| 19:40 | queue | Militia |
| 19:41 | queue | Archer |
| 19:43 | Construir | House |
| 19:46 | Construir | House |
| 19:46 | Construir | House |
| 19:51 | Construir | Palisade Wall |
| 19:56 | Investigar | Arson |
| 20:01 | Construir | Farm |
| 20:02 | queue | Archer |
| 20:02 | queue | Archer |
| 20:05 | queue | Villager (Male) |
| 20:05 | queue | Militia |
| 20:13 | queue | Militia |
| 20:28 | Construir | Farm |
| 20:39 | queue | Villager (Male) |
| 20:53 | queue | Militia |
| 20:54 | queue | Archer |
| 20:58 | Construir | Farm |
| 20:58 | Construir | Farm |
| 20:58 | Construir | Farm |
| 21:12 | queue | Villager (Male) |
| 21:22 | queue | Villager (Male) |
| 21:30 | queue | Archer |
| 21:31 | queue | Villager (Male) |
| 21:39 | queue | Archer |
| 21:42 | queue | Militia |
| 21:47 | Construir | Farm |
| 21:48 | Construir | Farm |
| 22:06 | Investigar | Horse Collar |
| 22:10 | queue | Archer |
| 22:24 | queue | Villager (Male) |
| 22:27 | Investigar | Double-Bit Axe |
| 22:27 | Investigar | Double-Bit Axe |
| 22:35 | Construir | House |
| 22:48 | queue | Villager (Male) |
| 22:50 | Construir | Farm |
Cronología de la partida
| 3:31 | avlid · wall_segment Palisade Wall x1 |
| 3:43 | avlid · first_building Barracks |
| 3:46 | avlid · wall_segment Palisade Wall x1 |
| 4:00 | avlid · wall_segment Palisade Wall x1 |
| 4:01 | avlid · wall_segment Palisade Wall x1 |
| 6:15 | avlid · wall_segment Palisade Wall x1 |
| 6:29 | avlid · wall_segment Palisade Wall x1 |
| 6:52 | Tobi · first_building Barracks |
| 7:23 | avlid · wall_segment Palisade Wall x1 |
| 7:23 | avlid · wall_segment Palisade Wall x1 |
| 7:27 | Tobi · wall_segment Palisade Wall x1 |
| 7:28 | Tobi · wall_segment Palisade Wall x1 |
| 8:15 | Tobi · wall_segment Palisade Wall x1 |
| 8:38 | avlid · wall_segment Palisade Wall x1 |
| 8:40 | avlid · wall_segment Palisade Wall x1 |
| 8:49 | avlid · wall_segment Palisade Wall x1 |
| 11:23 | Tobi · age_up feudal |
| 12:29 | avlid · age_up feudal |
| 12:44 | Tobi · first_building Archery Range |
| 12:52 | avlid · wall_segment Palisade Wall x1 |
| 12:54 | avlid · wall_segment Palisade Wall x1 |
| 12:55 | avlid · wall_segment Palisade Wall x1 |
| 12:58 | avlid · wall_segment Palisade Wall x1 |
| 12:58 | avlid · wall_segment Palisade Wall x1 |
| 19:51 | Tobi · wall_segment Palisade Wall x17 |
| 21:05 | avlid · first_market_sell 100 wood |
| 21:05 | avlid · first_market_buy 100 food |
| 22:46 | avlid · wall_segment Palisade Wall x1 |
| 23:40 | avlid · first_building Archery Range |
| 25:09 | Tobi · first_market_buy 100 food |
| 25:12 | Tobi · first_market_sell 100 wood |
| 27:54 | Tobi · age_up castle |
| 27:55 | Tobi · first_building Siege Workshop |
| 30:29 | avlid · wall_segment Palisade Wall x1 |
| 31:00 | avlid · wall_segment Palisade Wall x1 |
| 31:24 | avlid · resign |
[ ANÁLISIS IA · 1 CRÉDITO ]
¿Qué pasó realmente en esta partida?
Wolo.gg analiza cada decisión: build order, eco, micro, errores típicos por bracket. Análisis personalizado por WhatsApp o Discord en 30 segundos.
Guía civ
Celtas
Perfil
Jugador #12341666